Cogmind - Beta 12 *** ADVENTURER MODE // 2023.05.24 @ 05:49:55 Player: Ms. V3-11A Result: Destroyed by G-50 Soldier with Heavy Laser Performance ------------- Evolutions (3) 1500 Regions Visited (4) 800 Robots Destroyed (143) 715 Value Destroyed (4741) 4741 Prototype IDs (11) 220 Alien Tech Used (0) 0 Bonus (86) 86 TOTAL SCORE: 8062 Bonus ------- High Alert Combat Kills 158 Follower Combat Kills 235 Friendly Fire -307 Cogmind --------- Core Integrity 0/700 Matter 256/300 Energy 100/100 System Corruption 19% Temperature Cool (9) Movement Core (700) Ox13 Location -7/Factory Parts ------- > --- POWER (1) -------- (None) > --- PROPULSION (3) --- (None) > --- UTILITY (7) ------ High-capacity Storage Unit Machine Analyzer Hacking Suite > --- WEAPON (2) ------- (None) > --- INVENTORY (20) --- Heavy Deuterium Engine Heavy Deuterium Engine Light Treads Light Treads Light Treads Light Treads Light Treads Advanced Treads Improved Cooling System High-capacity Storage Unit High-capacity Battery (250) Medium Matter Pod (100) Improved Light Armor Plating Improved Recalibrator Cooled Particle Cannon Cooled Particle Cannon Improved Assault Rifle Peak State ------------ > --- POWER ------------ Heavy Deuterium Engine > --- PROPULSION ------- Armored Treads Medium Treads Medium Treads > --- UTILITY ---------- Improved Cooling System High-capacity Storage Unit Machine Analyzer Advanced Targeting Computer Hardened Heavy Armor Plating Improved Light Armor Plating > --- WEAPON ----------- Precision Shock Rifle Enhanced Autogun > --- INVENTORY -------- Heavy Deuterium Engine Heavy Deuterium Engine Light Treads Light Treads Advanced Treads Improved Cooling System High-capacity Storage Unit High-capacity Battery Medium Matter Pod Weapon Cycler Medium Armor Plating Improved Light Armor Plating Improved Light Armor Plating Improved Recalibrator Cooled Particle Cannon Cooled Particle Cannon Improved Assault Rifle Improved Assault Rifle Improved Assault Rifle Grenade Launcher [Rating: 53] Favorites ----------- Power Deuterium Engine Engine Deuterium Engine Power Core Enhanced Nuclear Core Propulsion Light Treads Treads Light Treads Leg Aluminum Leg Utility High-capacity Storage Unit Device Improved Cooling System Storage High-capacity Storage Unit Processor Machine Analyzer Hackware System Shield Protection Improved Light Armor Plating Weapon Improved Assault Rifle Energy Gun Precision Shock Rifle Ballistic Gun Improved Assault Rifle Ballistic Cannon Assault Cannon Launcher Grenade Launcher Build | -11 -10 -9 -8 -7 ------- Run | Jun Mat Mat Mat Fac Slots Evolved 6 | . . 2 2 2 Power . | . . . . . Propulsion 1 | . . 1 . . Utility 5 | . . 1 2 2 Weapon . | . . . . . Parts Attached 127 | . 5 55 19 48 Power 17 | . 1 10 . 6 Engine 16 | . 1 10 . 5 Core 1 | . . . . 1 Reactor . | . . . . . Propulsion 33 | . 1 18 3 11 Treads 25 | . . 11 3 11 Leg 8 | . 1 7 . . Wheel . | . . . . . Hover . | . . . . . Flight . | . . . . . Utility 41 | . 1 13 6 21 Device 10 | . 1 2 1 6 Storage 3 | . . 2 . 1 Processor 3 | . . 1 1 1 Hackware 5 | . . . 1 4 Protection 20 | . . 8 3 9 Artifact . | . . . . . Weapon 36 | . 2 14 10 10 Energy Gun 5 | . 2 1 . 2 Energy Cannon . | . . . . . Ballistic Gun 25 | . . 12 7 6 Ballistic Cannon 1 | . . . . 1 Launcher 5 | . . 1 3 1 Special Weapon . | . . . . . Impact Weapon . | . . . . . Slashing Weapon . | . . . . . Piercing Weapon . | . . . . . Special Melee Weapon . | . . . . . Unidentified Prototypes 6 | . . 2 . 4 Corrupted Parts 4 | . . . . 4 System Corruption 17 | . . . . 17 Parts Lost 35 | . 2 3 7 23 Power 3 | . 1 . 1 1 Propulsion 10 | . . 1 2 7 Utility 14 | . . 2 2 10 Weapon 8 | . 1 . 2 5 Highest Loss Streak 9 | . 2 1 2 9 To Critical Strikes . | . . . . . Average Slot Usage (%) 94 | . 85 98 98 91 Engine 8 | . 8 10 8 6 Treads 23 | . . 27 27 21 Leg 2 | . 28 4 . . Device 10 | . 10 10 9 11 Storage 8 | . 14 11 9 7 Processor 6 | . . 1 9 8 Hackware 5 | . . . 8 7 Protection 9 | . . 9 9 10 Energy Gun 5 | . 8 6 . 5 Ballistic Gun 11 | . 14 14 16 7 Naked Turns . | . . . . . Heaviest Build 84 | 13 15 63 63 84 Greatest Support 76 | 20 20 60 60 76 Greatest Overweight (x) 2 | . . 1 1 2 Average Overweight (x) . | . . . . . Largest Inventory Capacity 20 | 8 8 20 20 20 Average Capacity 17 | 8 8 13 20 20 Most Carried 20 | 5 6 18 20 20 Average Carried 16 | 4 3 11 17 19 Final Capacity 20 | 8 8 20 20 20 Final Carried 19 | 3 5 18 19 17 Class Distribution -------------------- 47% | Scavenger-Mutant 27% | Mutant 24% | Hacker-Mutant Dominant Class ---------------- Mutant | -10/Materials Mutant | -9/Materials Hacker-Mutant | -8/Materials Scavenger-Mutant | -7/Factory Resources | -11 -10 -9 -8 -7 ----------- Run | Jun Mat Mat Mat Fac Matter Collected 3739 | 200 50 1147 656 1686 Remotely . | . . . . . Salvage Created 6291 | . 333 1529 1244 3185 Parts 351 | . 20 107 74 150 Haulers Intercepted 7 | . . 1 2 4 Recyclers Shooed 2 | . . . 1 1 Parts Field Recycled . | . . . . . Retrieved Matter . | . . . . . Parts Self-Destructed . | . . . . . Prevented . | . . . . . Kills | -11 -10 -9 -8 -7 ------- Run | Jun Mat Mat Mat Fac Combat Hostiles Destroyed 115 | . 7 33 27 48 Guns 102 | . 6 33 21 42 Cannons 1 | . . . . 1 AOE 9 | . 1 . 6 2 Classes Destroyed 15 | . 4 6 2 3 Worker 4 | . 1 1 2 . Builder 4 | . 1 1 . 2 Hauler 7 | . . 1 2 4 Recycler 6 | . 1 1 1 3 Mechanic 4 | . . 2 2 . Operator 6 | . . 3 1 2 Watcher 1 | . . . 1 . Swarmer 21 | . . 8 10 3 Grunt 59 | . 7 15 10 27 Brawler 1 | . . . . 1 Duelist 3 | . . 1 1 1 Sentry 19 | . . 9 4 6 Hunter 5 | . . . 2 3 Programmer 7 | . . . . 7 Heavy 1 | . . . . 1 Thug 1 | . . . . 1 Best Kill Streak 9 | . 9 5 5 3 Combat Bots Only 6 | . 6 4 4 3 Max Kills in Single Turn 4 | . 4 2 2 2 Gunslinging 1 | . . 1 1 . Exploded 2 | . 1 . 2 1 Melee . | . . . . . Uniques/NPCs Destroyed . | . . . . . Combat | -11 -10 -9 -8 -7 -------- Run | Jun Mat Mat Mat Fac Damage Taken 7542 | . 327 1237 1495 4483 Core 997 | . 69 124 98 706 Absorbed by Shields 495 | . . . . 495 Regen/Repaired (Parts) 1065 | . . 647 93 325 Core Remaining (%) 80 | 100 72 69 82 . Volleys Fired 427 | . 18 104 96 209 Largest 2 | . 2 2 2 2 Hottest 83 | . 60 79 79 83 Shots Fired 828 | . 30 207 181 410 Gun 808 | . 30 206 176 396 Cannon 14 | . . . . 14 Launcher 6 | . . 1 5 . Special . | . . . . . Kinetic 608 | . 18 158 165 267 Thermal 60 | . 1 48 11 . Explosive 6 | . . 1 5 . Electromagnetic 154 | . 11 . . 143 Robot Hit Streak 56 | . 13 36 38 56 Robot Miss Streak 3 | . 3 3 2 2 Penetration Max 1 | . . . . 1 Secondary Targets 16 | . 1 6 3 6 Max Gunslinging Chain 1 | . 1 1 1 1 Shots Hit Robots 704 | . 24 170 154 356 Core Hits 273 | . 14 65 66 128 Critical Kills 2 | . . . . 2 Critical Parts Destroyed 4 | . . 1 . 3 Critical Strikes 12 | . . 4 . 8 Burn 3 | . . 3 . . Destroy 6 | . . 1 . 5 Corrupt 3 | . . . . 3 Melee Attacks . | . . . . . Impact . | . . . . . Slashing . | . . . . . Piercing . | . . . . . Sneak Attacks . | . . . . . Combat Hostiles . | . . . . . Follow-up Attacks . | . . . . . Damage Inflicted 12242 | . 609 2553 2733 6347 Guns 10979 | . 321 2553 2295 5810 Cannons 283 | . . . . 283 Explosions 957 | . 286 . 420 251 Melee . | . . . . . Ramming 23 | . 2 . 18 3 Kinetic 8211 | . 166 2019 2148 3878 Thermal 1138 | . 206 534 147 251 Explosive 512 | . 92 . 420 . Electromagnetic 2358 | . 143 . . 2215 Impact . | . . . . . Slashing . | . . . . . Piercing . | . . . . . Highest Corruption 19 | . . . . 19 Average Corruption 12 | . . . . 12 Corruption Purged 5 | . . . . 5 Corruption Blocked . | . . . . . Effects 179 | . . . . 179 Message Errors 38 | . . . . 38 Matter Fused 46 | . . . . 46 Heat Flow Errors 20 | . . . . 20 Energy Discharges 27 | . . . . 27 Parts Rejected 3 | . . . . 3 Parts Fused 4 | . . . . 4 Data Loss (minor) 18 | . . . . 18 Data Loss (major) 2 | . . . . 2 Misfires 8 | . . . . 8 Alerts 6 | . . . . 6 Weapon Failures 7 | . . . . 7 Overload Shots . | . . . . . Overflow Damage 188 | . 91 . 75 22 Projectiles 22 | . . . . 22 Explosions 163 | . 91 . 72 . Melee 3 | . . . 3 . Knockbacks 1 | . . . . 1 Impact . | . . . . . Kinetic 1 | . . . . 1 Secondary . | . . . . . Self-Inflicted Damage 189 | . 147 . . 42 Shots 3 | . 2 . . 1 Rammed 2 | . . . . 2 Targets Rammed 4 | . 1 . 1 2 Kicked 1 | . 1 . . . Crushed 1 | . . . 1 . Highest Temperature 246 | . 61 197 197 246 Average Temperature 60 | . 30 47 87 71 Received Heat Transfer 3009 | . 108 609 855 1437 Siege Activations . | . . . . . Robots Corrupted 3 | . . . . 3 Combat Hostiles 3 | . . . . 3 Parts Fried 14 | . . . . 14 Impact Corruptions 1 | . . . 1 . Robots Melted . | . . . . . Combat Hostiles . | . . . . . Parts Melted 6 | . 1 3 1 1 Heat Transferred 2295 | . 275 1450 370 200 Parts Sabotaged . | . . . . . Parts Stolen . | . . . . . Parts Stripped . | . . . . . Power Chain Reactions 6 | . 1 . . 5 Missiles Intercepted . | . . . . . Alert | -11 -10 -9 -8 -7 ------- Run | Jun Mat Mat Mat Fac Peak Influence 664 | . 311 523 398 664 Initial 111 | . . 111 13 76 Average 187 | . 156 235 141 175 Maximum Alert Level 2 | . 1 2 1 2 Low Security (%) 59 | 100 51 42 75 64 Level 1 29 | . 48 40 24 23 Level 2 10 | . . 16 . 11 Level 3 . | . . . . . Level 4 . | . . . . . Level 5 . | . . . . . High Security . | . . . . . Max Security . | . . . . . Squads Dispatched 28 | . 3 4 3 18 Investigation 10 | . 3 1 1 5 Extermination 7 | . . . . 7 Reinforcement 11 | . . 3 2 6 Assault . | . . . . . Garrison . | . . . . . Intercept . | . . . . . Searches Triggered . | . . . . . Construction Impeded . | . . . . . Haulers Reinforced 2 | . . . . 2 Active Scanning Responses . | . . . . . Cargo Convoy Interrupts 1 | . . . . 1 Stealth | -11 -10 -9 -8 -7 --------- Run | Jun Mat Mat Mat Fac Distress Signals 16 | . . 9 4 3 Communications Jammed . | . . . . . Distress Signals . | . . . . . Times Spotted 203 | . 14 75 44 70 Peak Tracking Total 10 | . 7 10 9 6 Tactical Retreats 8 | . 2 1 2 3 Traps | -11 -10 -9 -8 -7 ------- Run | Jun Mat Mat Mat Fac Traps Triggered 12 | . 3 6 1 2 Indirectly . | . . . . . Trap Hack Attempts . | . . . . . Triggered . | . . . . . Disarmed . | . . . . . Reprogrammed . | . . . . . Reused . | . . . . . Traps Extracted . | . . . . . Installed . | . . . . . Triggered 2 | . . . . 2 Machines | -11 -10 -9 -8 -7 ---------- Run | Jun Mat Mat Mat Fac Machines Disabled 10 | . 3 . . 7 Max in Single Turn 3 | . 3 . . 3 Garrison Access 2 | . . . . 2 Machines Repaired . | . . . . . Machines Sabotaged . | . . . . . Overloaded Fab Kills . | . . . . . Hacking | -11 -10 -9 -8 -7 --------- Run | Jun Mat Mat Mat Fac Machines Accessed 41 | . 5 10 9 17 Terminals 28 | . 5 6 7 10 Fabricators 2 | . . . . 2 Repair Stations 4 | . . 2 1 1 Recycling Units . | . . . . . Scanalyzers 5 | . . 2 1 2 Garrison Access 2 | . . . . 2 Total Hacks 154 | . 14 42 30 68 Successful 101 | . 8 34 18 41 Failed 52 | . 5 8 12 27 Catastrophic 8 | . . 1 . 7 Database Lockouts 1 | . 1 . . . Manual 68 | . 10 13 20 25 Terminals 94 | . 14 18 26 36 Fabricators 7 | . . . . 7 Repair Stations 19 | . . 10 2 7 Recycling Units . | . . . . . Scanalyzers 29 | . . 14 2 13 Garrison Access 5 | . . . . 5 Terminal Hacks 36 | . 5 6 11 14 Part Schematic 4 | . . . 2 2 Robot Analysis 11 | . 3 2 4 2 Prototype ID Bank 3 | . . 1 1 1 Branch Access Points 3 | . 1 . 1 1 Machine Index 1 | . . . 1 . Terminal Index 3 | . 1 1 . 1 Repair Station Index 1 | . . 1 . . Recycling Unit Index 1 | . . . . 1 Scanalyzer Index 1 | . . . . 1 Unreport Threat 1 | . . 1 . . Locate Traps 1 | . . . . 1 Dispatch Records 1 | . . . . 1 Security Status 1 | . . . . 1 Surveillance Status 1 | . . . 1 . Hauler Manifests 1 | . . . . 1 Registered Components 2 | . . . 1 1 Fabricator Hacks 5 | . . . . 5 Network Status 1 | . . . . 1 Load Schematic 2 | . . . . 2 Build 2 | . . . . 2 Repair Station Hacks 16 | . . 10 2 4 Scan Component 8 | . . 5 1 2 Repair 8 | . . 5 1 2 Recycling Unit Hacks . | . . . . . Scanalyzer 28 | . . 14 2 12 Insert Component 13 | . . 7 1 5 Analyze 15 | . . 7 1 7 Garrison Access Hacks . | . . . . . Unauthorized Hacks 16 | . 3 4 3 6 Terminals 14 | . 3 4 3 4 Botnet 13 | . 3 3 3 4 Operators 1 | . . 1 . . Fabricators . | . . . . . Repair Stations . | . . . . . Recycling Units . | . . . . . Scanalyzers . | . . . . . Garrison Access 2 | . . . . 2 Jam 2 | . . . . 2 Data Cores Recovered . | . . . . . Used . | . . . . . Hacking Detections 39 | . 5 9 9 16 Full Trace Events 5 | . 2 . . 3 Feedback Events . | . . . . . Feedback Blocked . | . . . . . Robot Schematics Acquired . | . . . . . Robots Built . | . . . . . Authchips . | . . . . . Time . | . . . . . Total Robot Build Rating . | . . . . . Part Schematics Acquired 17 | . . 7 3 7 Parts Built 1 | . . . . 1 Authchips . | . . . . . Time 109 | . . . . 109 Total Part Build Rating 3 | . . . . 3 Parts Repaired 8 | . . 5 1 2 Time 249 | . . 167 25 57 Parts Recycled . | . . . . . Recycled Matter . | . . . . . Retrieved Matter . | . . . . . Retrieved Components . | . . . . . Parts Scanalyzed 13 | . . 7 1 5 Part Schematics Acquired 13 | . . 7 1 5 Parts Damaged . | . . . . . Bothacking | -11 -10 -9 -8 -7 ------------ Run | Jun Mat Mat Mat Fac Used RIF Installer . | . . . . . Robots Hacked . | . . . . . Non-combat . | . . . . . Combat . | . . . . . Robot Hacks Applied . | . . . . . Relay Couplers Released . | . . . . . Fabnet Peak Effective % . | . . . . . Robots Rewired 1 | . . . . 1 Allies Hacked . | . . . . . Hacks Repelled . | . . . . . Allies | -11 -10 -9 -8 -7 -------- Run | Jun Mat Mat Mat Fac Total Allies 4 | . . . . 4 Largest Group 3 | . . . . 3 Highest-Rated Group 93 | . . . . 93 Highest-Rated Ally 31 | . . . . 31 Total Orders . | . . . . . Ally Attacks 60 | . . . . 60 Total Damage 802 | . . . . 802 Kills 12 | . . . . 12 Allies Corrupted . | . . . . . Allies Melted . | . . . . . Intel | -11 -10 -9 -8 -7 ------- Run | Jun Mat Mat Mat Fac Robot Analysis Total 11 | . 3 2 4 2 Derelict Logs Recovered . | . . . . . Drone Launches . | . . . . . Drone Recoveries . | . . . . . Exploration | -11 -10 -9 -8 -7 ------------- Run | Jun Mat Mat Mat Fac Turns Passed 10516 | 2 351 3085 1601 5477 Spaces Moved 4050 | 1 238 1374 544 1893 Core . | . . . . . Treads 3575 | . . 1138 544 1893 Legs 475 | 1 238 236 . . Wheels . | . . . . . Hover . | . . . . . Flight . | . . . . . Fastest Speed 120 | 120 120 120 160 160 Average Speed 202 | 120 120 171 230 228 Slowest Speed 320 | 120 120 240 240 320 Overloaded Moves . | . . . . . Propulsion Burnouts . | . . . . . Robots Hopped . | . . . . . Cave-ins Triggered . | . . . . . Exploration Rate (%) 43 | 1 40 76 54 47 Regions Visited 4 Branch Regions . Pre-discovered Areas . | . . . . . Known Exits Taken . | . . . . . Unknown Exits Taken 4 | 1 1 1 1 . Scrap Searched . | . . . . . Spaces Dug . | . . . . . Terrain Destroyed 94 | . 35 6 29 24 Melee . | . . . . . Projectile 2 | . . . . 2 AOE 92 | . 35 6 29 22 Terrain Rammed . | . . . . . Walls Destroyed . | . . . . . Machines Disabled . | . . . . . Actions | -11 -10 -9 -8 -7 --------- Run | Jun Mat Mat Mat Fac Total 5551 | 3 271 1899 707 2671 Wait 805 | . 8 307 26 464 Move 4046 | . 237 1373 543 1893 Hop . | . . . . . Pick Up 69 | . 2 28 15 24 Fast Attach 50 | . 2 26 2 20 Attach 32 | . 1 6 9 16 Detach 2 | . . 1 . 1 Swap 45 | . 2 23 8 12 Drop 68 | 3 . 31 7 27 Fire 427 | . 18 104 96 209 Melee . | . . . . . Ram 1 | . . . . 1 Kick 1 | . 1 . . . Crush 2 | . . . 1 1 Escape Stasis . | . . . . . Rewire 3 | . . . . 3 Trap . | . . . . . Miscellaneous . | . . . . . Route ------- -11/Junkyard -10/Materials (discovered 2 exits: *Mat / Min) -9/Materials (discovered 4 exits: *Mat / [*Min] / [*Sto x2]) -8/Materials (discovered 2 exits: *Fac x2) -7/Factory (discovered 3 exits: [*Fac] / *Low x2) History --------- Turn | Location | Event 3 | -11/Junkyard | Discovered new exit (range 0) 3 | -11/Junkyard | Entered Materials 25 | -10/Materials | Identified exit to Mines 65 | -10/Materials | Central database locked down 131 | -10/Materials | Discovered new exit (range 15) 301 | -10/Materials | Build established: Mutant 354 | -10/Materials | Entered another Materials area 354 | -9/Materials | Evolved 2 slots: Propulsion x1, Utility x1 473 | -9/Materials | Discovered new exit (range 11) 607 | -9/Materials | Discovered new exit (range 16) 1049 | -9/Materials | Discovered new exit (range 12) 1726 | -9/Materials | Build established: Scavenger-Mutant 2196 | -9/Materials | Discovered new exit (range 12) 2288 | -9/Materials | Build established: Mutant 2494 | -9/Materials | Repaired Hcp. Storage Unit 2578 | -9/Materials | Repaired Imp. Assault Rifle 2618 | -9/Materials | Repaired Deuterium Engine 2645 | -9/Materials | Repaired Lgt. Treads 2673 | -9/Materials | Repaired Lgt. Treads 3439 | -9/Materials | Entered another Materials area 3439 | -8/Materials | Evolved 2 slots: Utility x2 3765 | -8/Materials | Discovered new exit (range 13) 3894 | -8/Materials | Build established: Hacker-Mutant 4459 | -8/Materials | Repaired Imp. Assault Rifle 4588 | -8/Materials | Discovered new exit (range 11) 4840 | -8/Materials | Build established: Scavenger-Mutant 5040 | -8/Materials | Entered Factory 5040 | -7/Factory | Evolved 2 slots: Utility x2 5749 | -7/Factory | Identified exit to Lower Caves 6075 | -7/Factory | Allied Derelicts emerged from ambush trap array 6896 | -7/Factory | Cargo convoy interrupted 7190 | -7/Factory | System corruption reached 10% 8764 | -7/Factory | Repaired Hrd. Heavy Armor Plating 8800 | -7/Factory | Repaired Prc. Shock Rifle 8905 | -7/Factory | Discovered new exit (range 13) 9198 | -7/Factory | Build established: Mutant 9307 | -7/Factory | Fabricated System Shield (x1) 9599 | -7/Factory | Build established: Hacker-Mutant 10490 | -7/Factory | Core integrity fell below 50% 10514 | -7/Factory | Core integrity fell below 20% 10517 | -7/Factory | Destroyed by G-50 Soldier with Heavy Laser Last Messages --------------- 10498_ Gauss Rifle destroyed. 10499_ U-05 Engineer lays Concrete. 10500_ PY Y:4XB1G0#WGBLK4QBRCM>GF, 3E/GKB4M/ 10500_ Med. Treads severed. 10500_ L-41 Fighter suffers critical hit (Destroy). 10500_ Destroyed Carbon-fiber Leg. 10501_ U-05 Engineer builds a Wall. 10503_ Destroyed Microactuators. 10505_ U-05 Engineer builds a Wall. 10506_ Imp. Assault Rifle destroyed. 10507_ System Shield destroyed. 10509_ U-05 Engineer lays Concrete. 10509_ Imp. Assault Rifle destroyed. 10510_ K-01 Serf collects debris. 10510_ U-05 Engineer lays Concrete. 10510_ Imp. Grenade Launcher severed. 10510_ Slammed into L-41 Fighter. 10510_ Destabilizing: System interference. 10510_ Machine Analyzer temporarily disabled. 10513_ K-01 Serf collects debris. Map ----- +----------------------------------------------------+ | ???????????????????????????????????????????????? | | ???????????????????????????????????????????????? | | ???????????????????????????????????????????????? | | ???????????????????????????????????????????????? | | ???????????????????????????????????????????????? | | ???????????????????????""""????????????????????? | | ???????????????????????"F?"????????????????????? | | ???????????????????????????????????????????????? | | ???????????????????????????????????????????????? | | ???????????????????????????????????????????????? | | ?????""""??????????????????????????????????????? | | ?????""""??###########?????????????????????????? | | ?????""""??? #?????????????????????????? | | ?????""""???"""" #?????????????????????????? | | ?????""""???"""" #?????????????????????????? | | ?????""""??#"""" #########?????????????????? | | ???????????#"""" + ??????????? | | ???????????#"""" #########?????????????????? | | ?####+####?#"""" #?????????????????????????? | | ## #?# #?????????????????????????? | | #######+###########???????????????????? | | #???????????????????? | | ]]] #???????????????????? | | ]] #???????????????????? | | ]]] ###### ########= #???????????????????? | | #????# #??????#!@l#???????????????????? | | ###????#+#??????#gl #???????????????????? | | " """ #???????????????#!k #???????????????????? | | " """ #???????????????/g g#???????????????????? | | " """ #?????????????? # #"??????????????????? | | #?????????????" # ?????????????????? | | " % #?????????????"?# ????????????????? | | " #???????????? ?# ???"""?????????? | | " #??????????? ??# ??"""??""?????? | | #???????????#???## ### ??"??"""????? | | #?????????????????+#??# "F"???F"????? | | #+##########?????????????????? """??"""????? | | % ! #?????????????????? ????""?????? | | % """"""""" #?????"""???"""??? """????????????? | | *= ?????"""""?"""""????"""????????????? | | """"""""" ?????"""""?"""""????"""????????????? | | ?????????????????????????????????????? | | """""""""????????????????????????????????????? | | ????????????????????????????????????? | | """""""""????????????????????????????????????? | | ????????????????????????????????????????? | | """""""""????????????????????????????????????? | | ???????????????????????????????????????????? | | ???????????????????????????????????????????? | | ####???????????????????????????????????????????? | +----------------------------------------------------+ Best States ------------- Heat Dissipation 61 Coolant Potential 50 Energy Generation 18 Energy Capacity 310 Matter Stores 300 Matter Capacity 300 Sight Range 16 Robot Scan Range 14 Terrain Scan Density 10 Armor Coverage 750 Resistance: KI 20 Resistance: TH 20 Resistance: EX 20 Resistance: EM 20 Resistance: I 20 Resistance: S 20 Resistance: P 20 Evasion (%) 55 Targeting Accuracy 8 Recoil Reduction 3 Kinecelleration 30 Offensive Hacking 20 Defensive Hacking 10 Item Schematics ----------------- Machine Analyzer | -9/Materials | Scanalyzed Lgt. Armor Plating | -9/Materials | Scanalyzed Lgt. Treads | -9/Materials | Scanalyzed Recalibrator | -9/Materials | Scanalyzed Hcp. Storage Unit | -9/Materials | Scanalyzed Shield Generator | -9/Materials | Scanalyzed Imp. Assault Rifle | -9/Materials | Scanalyzed Reactive Plating | -8/Materials | Hacked Hvy. Armor Plating | -8/Materials | Hacked Deuterium Engine | -8/Materials | Scanalyzed Beamcaster | -7/Factory | Scanalyzed Hvy. Deuterium Engine | -7/Factory | Scanalyzed Imp. Cooling System | -7/Factory | Scanalyzed Hcp. Battery | -7/Factory | Scanalyzed System Shield | -7/Factory | Scanalyzed Hacking Suite | -7/Factory | Hacked Imp. Shield Generator | -7/Factory | Hacked Robot Schematics ------------------ None Fabricated ------------ System Shield | x1 | -7/Factory Alien Tech Used ----------------- None Achievements -------------- Gun Specialist Challenges ------------ None Game ------ Seed ArchitectFieldTearclaws Manual? 0 Play Time 01:17:02 Cumulative 170.0 hours Start 2023.05.24 @ 02:23:40 End 2023.05.24 @ 05:49:55 Sessions 3 Manual Loads 0 Difficulty Adventurer Special Mode None Game No. 137 Rogue 63 Adventurer 48 Explorer 26 Win Type - Total 1 Types 1/0/0/0/0/0/0/0/0 Lore% 54 Gallery% 66 Achievement% 67 Wizard Run 0 Options --------- ASCII 0 Keyboard 0 Movement Mouse Keybinds 0 Fullscreen 0 Font 16/Smallcaps Map View 76x50 Tactical HUD 1 Map Filters NONE Filters BRIGHTNESS(115)|SATURATION(100)|LOW_CONTRAST(0,16,30) Steam 1 RUN: cc3ba990-e8cc-4d6e-b803-29220137ee1b